 Dungeon Crawl Stone Soup version 0.22-a0-348-gd16d139 (webtiles) character file.

137 b5mith the Cudgeler (level 5, 0/72 HPs)
             Began as a Minotaur Berserker on Apr 8, 2018.
             Was a Believer of Trog.
             Slain by a gnoll
             ... wielding a +0 spear
              (8 damage)
             ... on level 3 of the Dungeon.
             The game lasted 00:03:04 (1750 turns).

b5mith the Cudgeler (Minotaur Berserker)            Turns: 1750, Time: 00:03:04

Health: 0/72       AC:  2    Str: 27    XL:     5   Next: 0%
Magic:  4/4        EV: 12    Int:  4    God:    Trog [**....]
Gold:   107        SH:  0    Dex: 10    Spells: 4/4 levels left

rFire    . . .     SeeInvis .   k - +0 morningstar
rCold    . . .     Gourm    .   (no shield)
rNeg     . . .     Faith    .   b - +0 animal skin
rPois    .         Spirit   .   (helmet restricted)
rElec    .         Reflect  .   (no cloak)
rCorr    .         Harm     .   (no gloves)
MR       .....                  (no boots)
Stlth    ..........             (no amulet)
HPRegen  0.22/turn              (no ring)
MPRegen  0.09/turn              (no ring)

@: berserking, very quick
A: retaliatory headbutt, horns 2
a: Berserk, Trog's Hand, Renounce Religion


You were on level 3 of the Dungeon.
You worshipped Trog.
Trog was pleased with you.
You were hungry.

You visited 1 branch of the dungeon, and saw 3 of its levels.

You collected 107 gold pieces.

Inventory:

Hand Weapons
 a - a +0 mace
 f - a +0 hunting sling
   (You found it on level 1 of the Dungeon)
 k - a +0 morningstar (weapon)
   (You took it off an orc on level 3 of the Dungeon)
Armour
 b - a +0 animal skin (worn)
Jewellery
 e - an uncursed ring of fire {unknown}
   (You took it off a goblin on level 1 of the Dungeon)
 l - an uncursed ring of fire {unknown}
   (You found it on level 3 of the Dungeon)
Scrolls
 d - a scroll of magic mapping {unknown}
 g - 2 scrolls of enchant armour {unknown}
 h - 2 scrolls of identify {unknown}
 i - a scroll of teleportation {unknown}
 j - a scroll of remove curse {unknown}
 p - a scroll of amnesia {unknown}
Potions
 m - a potion of mutation {unknown}
 n - a potion of cancellation {unknown}
 q - a potion of might {unknown}
Comestibles
 c - 2 rations
 o - 3 chunks of flesh


   Skills:
 + Level 5.5 Fighting
 + Level 5.5 Maces & Flails
 - Level 2.4 Armour
 - Level 2.1 Dodging


You had 4 spell levels left.
You didn't know any spells.

Dungeon Overview and Level Annotations

Branches:
Dungeon (3/15)

Altars:


Innate Abilities, Weirdness & Mutations

You reflexively headbutt those who attack you in melee.
You have a pair of horns on your head.


Message History

You butcher the hobgoblin corpse.
o - 4 chunks of flesh (gained 1)
You are feeling hungry.
Eating one of 4 chunks of flesh.
You eat one of the 4 chunks of flesh.
This raw flesh tastes terrible.
The gnoll shouts!
A gnoll comes into view. It is wielding a spear.
The gnoll shouts!
The gnoll hits you with a spear!
A gnoll comes into view. It is wielding a halberd.
You closely miss the gnoll. The gnoll hits you with a spear.
The gnoll shouts!
You hit the gnoll.
The gnoll is lightly wounded.
The gnoll hits you but does no damage. The gnoll closely misses you.
You closely miss the gnoll.
The gnoll is lightly wounded.
The gnoll hits you from afar with a spear.
The gnoll barely misses you.
The gnoll hits you from afar with a spear!
* * * LOW HITPOINT WARNING * * *
The gnoll closely misses you. You furiously retaliate!
You headbutt the gnoll.
A gnoll comes into view. It is wielding a whip.
The gnoll shouts!
The gnoll hits you from afar with a spear.
* * * LOW HITPOINT WARNING * * *
The gnoll hits you from afar with a spear.
* * * LOW HITPOINT WARNING * * *
The gnoll hits you from afar with a spear!
* * * LOW HITPOINT WARNING * * *
A red film seems to cover your vision as you go berserk!
You feel yourself moving faster!
You feel mighty!
You are feeling hungry.
The gnoll misses you. x2
You feel a strong urge to attack something.
You closely miss the gnoll. The gnoll barely misses you. x2
The gnoll completely misses you.
You closely miss the gnoll. The gnoll hits you but does no damage.
The gnoll barely misses you.
The gnoll hits you from afar with a halberd.
* * * LOW HITPOINT WARNING * * *
You barely miss the gnoll. The gnoll closely misses you.
The gnoll hits you but does no damage.
You barely miss the gnoll. You headbutt the gnoll!
The gnoll is severely wounded.
The gnoll closely misses you.
You barely miss the gnoll.
The gnoll is severely wounded.
The gnoll hits you with a spear!
You die...

####.#########...........#
##.##†.#..#####...#####.#
##.#####.##.###...<# #.#
..####..####.##..#.#####.#####
##.##.######.##..#...........#
##..## #8.###..#######.###.#
##############...#######.# #.#
............####.##......# #.#
≈≈≈≈≈≈≈≈≈≈≈≈≈#.#@##.########.#
≈≈≈≈≈≈≈≈≈≈≈≈≈#ggg##.# #..#
............##..g##.# #.##
#####'########....#.## #.#
##8.#........#....#..# #.#
....'........#....##.# #.#
##############...###.# #.#
................## #.# #.#
#..#####.###[..## #.# #.#


You could see 4 gnolls.

Vanquished Creatures
  An orc wizard (D:3)
  3 adders (D:3)
  An ooze (D:3)
  2 worms (D:3)
  3 dart slugs
  A leopard gecko (D:3)
  9 orcs (D:3)
  2 giant cockroaches
  6 goblins
  7 hobgoblins
  6 kobolds
  A ball python (D:1)
  9 bats
  2 frilled lizards
  5 rats
58 creatures vanquished.

Notes
Turn   | Place    | Note
-------+----------+-------------------------------------------
     0 | D:1      | b5mith the Minotaur Berserker began the quest for the Orb.
     0 | D:1      | Reached XP level 1. HP: 19/19 MP: 0/0
   200 | D:1      | Reached XP level 2. HP: 21/27 MP: 1/1
   652 | D:2      | Reached ** piety under Trog
   674 | D:2      | Reached XP level 3. HP: 34/34 MP: 2/2
   764 | D:2      | You fall through a shaft!
  1249 | D:3      | Reached XP level 4. HP: 40/41 MP: 3/3
  1279 | D:3      | Reached skill level 5 in Maces & Flails
  1280 | D:3      | Reached skill level 5 in Fighting
  1688 | D:3      | Reached XP level 5. HP: 48/48 MP: 4/4
  1750 | D:3      | Slain by a gnoll

Vault maps used:
D:1:      lightli_molten_gateway
D:2:      first_ration
D:3:      wad_river_or_something

Skill      XL: |  1  2  3  4 |
---------------+-------------+-----
Fighting       | 4 5 |  5.5
Maces & Flails | 4 5 |  5.5
Armour         | |  2.4
Dodging        | |  2.1

Action                   |  1- 3 |  4- 6 || total
-------------------------+-------+-------++-------
Melee: Mace              |    43 |       ||    43
       Headbutt          |    11 |     6 ||    17
       Morningstar       |    22 |    33 ||    55
Invok: Berserk           |       |     1 ||     1
  Eat: Chunk             |     1 |     2 ||     3
Armor: Animal skin       |    20 |     7 ||    27
Dodge: Dodged            |    40 |    39 ||    79

Table legend:
 A = Spawn XP
 B = Non-spawn XP
 C = Spawn XP percentage of total XP
 D = Spawn monster count
 E = Non-spawn monster count
 F = Spawn count percentage of total count
 G = Total turns spent on level
                    A         B        C        D         E        F      G
               +---------+---------+-------+---------+---------+-------+---------
         Total |       0 |     196 |   0.0 |       0 |      58 |   0.0 |  1750
               +---------+---------+-------+---------+---------+-------+---------
           D:1 |       0 |      38 |   0.0 |       0 |      22 |   0.0 |   645
           D:2 |       0 |       7 |   0.0 |       0 |       3 |   0.0 |   119
           D:3 |       0 |     151 |   0.0 |       0 |      33 |   0.0 |   986
               +---------+---------+-------+---------+---------+-------+---------
